 Dungeon Sprint DCSS version bcrawl-1.27.1d (webtiles) character file.

Game seed: 3289488196775740537

1981082 MordorOrchid the Blocker (level 9, -1/111 HPs)
             Began as an Oni Earth Elementalist on July 16, 2020.
             Was an Initiate of Gozag.
             Slain by a rust devil (12 damage)
             ... in the Dungeon (Sprint V: "Ziggurat Sprint").
             The game lasted 00:04:22 (150 turns).

MordorOrchid the Blocker (Oni Earth Elementalist)    Turns: 150, Time: 00:04:22

Health: -1/111     AC: -6    Str: 28    XL:     9   Next: 98%
Magic:  16/24      EV: 17    Int: 20    God:    Gozag
Gold:   496        SH: 31    Dex: 17    Spells: 26/27 levels left

rFire    + . .     SeeInvis +   A - +14 obsidian axe {chop, +Fly SInv *Curse} (curse)
rCold    + . .     Gourm    .   v - +18 shield of the Gong {rElec rN+ MR+ EV-5}
rNeg     + . .     Faith    .   c - +0 animal skin
rPois    +         Spirit   .   (helmet restricted)
rElec    +         Reflect  .   (no cloak)
rCorr    +         Harm     .   (no gloves)
MR       +....     NoTele   +   (no boots)
Stlth    ..........             (no amulet)
HPRegen  0.28/turn              y - +6 ring of strength
MPRegen  0.19/turn              z - +6 ring of strength

@: agile, berserking, swift, resistant, corroded, gold aura, flying, mesmerised,
very slightly contaminated, hasted, glowing, very quick
A: oni magic, claws 1, fangs 1, horns 1
a: Potion Petition, Call Merchant, Bribe Branch, Renounce Religion


You were in the Dungeon.
You worshipped Gozag.
Gozag was aware of your devotion.
You were not hungry.

You visited 1 branch You collected 496 gold pieces.

Inventory:

Hand Weapons
 A - the cursed +14 obsidian axe (weapon) {chop, +Fly SInv *Curse}
   (You found it in the Dungeon)

   It will always inflict at least some extra damage.
   This minimum extra damage increases with your current reserve of magical
   power.
   It lets you see invisible.
   It lets you fly.
   It curses itself when equipped.
   It has a curse placed upon it.
 B - the +7 Singing Sword {slice}
   (You found it in the Dungeon)

   It will always inflict at least some extra damage.
   This minimum extra damage increases with your current reserve of magical
   power.
 C - the +8 lance "Wyrmbane" {slay drac, rPois rF+ rC+ AC+3}
   (You found it in the Dungeon)

   It affects your AC (+3).
   It protects you from fire.
   It protects you from cold.
   It protects you from poison.
Missiles
 b - 300 stones (quivered)
 I - 1000 arrows
Armour
 c - a +0 animal skin (worn)
 m - +5 fire dragon scales
 v - the +18 shield of the Gong (worn) {rElec rN+ MR+ EV-5}
   (You found it in the Dungeon)

   It affects your evasion (-5).
   It insulates you from electricity.
   It protects you from negative energy.
   It affects your resistance to hostile enchantments.
 J - +5 gold dragon scales
Magical Staves
 s - an uncursed staff of energy
Jewellery
 t - an uncursed ring of flight
 w - a +6 ring of intelligence
 x - a +6 ring of intelligence
 y - a +6 ring of strength (left claw)
 z - a +6 ring of strength (right claw)
 M - an uncursed ring of protection from cold
 N - the amulet of Impatience {Regen +Inv rPois rF+ Int-5}
   (You found it in the Dungeon)

   [amulet of regeneration]

   It affects your intelligence (-5).
   It protects you from fire.
   It protects you from poison.
   It lets you turn invisible.
Wands
 p - a wand of disintegration (7)
 q - a wand of iceblast (7)
 r - a wand of acid (7)
Scrolls
 j - 4 scrolls of blinking
 D - 4 scrolls of amnesia
 E - 7 scrolls of fog
 F - 5 scrolls of identify
 G - 5 scrolls of remove curse
 H - 2 scrolls of fear
Potions
 a - 2 potions of brilliance
 d - 10 potions of curing
 f - 9 potions of heal wounds
 g - 5 potions of haste
 h - 7 potions of magic
 i - 2 potions of berserk rage
 k - a potion of invisibility
 l - 4 potions of resistance
 n - 4 potions of agility
 o - 4 potions of might
Miscellaneous
 u - a lightning rod (4/4)
 K - a box of beasts
 L - a phantom mirror
Comestibles
 e - 7 rations {!d}


   Skills:
 - Level 5.0 Fighting
 + Level 10.7 Dodging
 - Level 1.7 Stealth
 * Level 10.8 Shields
 + Level 9.6 Spellcasting
   Level 9.6 Conjurations
   Level 9.6 Hexes
   Level 9.6 Charms
   Level 9.6 Summonings
   Level 9.6 Necromancy
   Level 9.6 Translocations
   Level 9.6 Transmutations
   Level 9.6 Fire Magic
   Level 9.6 Ice Magic
   Level 9.6 Air Magic
   Level 9.6 Earth Magic
   Level 9.6 Poison Magic
 - Level 6.0 Evocations


You had 26 spell levels left.
You knew the following spells:

 Your Spells              Type           Power        Failure   Level  Hunger
a - Sandblast             Erth           ######       1%          1    None

Your spell library contained the following spells:

 Spells                   Type           Power        Failure   Level  Hunger
 Apportation              Tloc           ######       1%          1    None
 Passwall                 Tmut/Erth      #####...     1%          2    None
 Shackle                  Hex            ######..     1%          2    None
 Sublimation of Blood     Necr           ######....   1%          2    None
 Static Discharge         Air            ######..     1%          3    None
 Stone Arrow              Conj/Erth      #####.       1%          3    None
 Petrify                  Tmut/Erth      #####.....   7%          4    #......
 Lee's Rapid Deconstruct  Erth           ######....   11%         5    ####...


Dungeon Overview and Level Annotations

Branches:
Dungeon (1/1)

Altars:
Ashenzari
Cheibriados
Dithmenos
Elyvilon
Fedhas
Gozag
Hepliaklqana
Kikubaaqudgha
Lugonu
Makhleb
Nemelex Xobeh
Okawaru
Qazlal
Ru
Sif Muna
Trog
Uskayaw
Vehumet
Wu Jian
Xom
Yredelemnul
Zin
The Shining One
Beogh
Jiyva

Annotations:
D 1 transporter


Innate Abilities, Weirdness & Mutations

You learn spells by gaining experience, not through books or religion.
You only train spellcasting to practice magic.
You have sharp fingernails.
You have very sharp teeth.
You have a pair of small horns on your head.


Message History

* * * LOW HITPOINT WARNING * * *
The shadow imp hits you.
* * * LOW HITPOINT WARNING * * *
The rust devil hits you.
* * * LOW HITPOINT WARNING * * *
The rust devil corrodes you!
You are too injured to fight recklessly!
You slash the yaktaur captain!
The yaktaur captain is heavily wounded.
You slash the shadow imp!
You kill the shadow imp!
You slash the rust devil! You slash the angel! You block the angel's attack.
GONNNNG!
You block the angel's attack.
SHROANNG!
You block the yaktaur captain's attack.
PTOANNNG!
The rust devil hits you!
You die...
Your body crumbles into a pile of gold.

▓...).▓.....▓.....▓
▓.....▓.....▓.....▓
▓.....▓.....▓..©..▓
▓..©..▓..©..▓▓▓▓▓▓▓
▓▓▓▓▓▓▓▓▓▓▓▓▓▓
▓..8©8...▓
▓.$$|)...▓
▓...34A..▓
▓..$$@...▓
▓..4..c..▓
▓.▓....▓.▓
▓...©....▓
▓▓▓▓▓▓▓▓▓▓


You could see an angel, a yaktaur captain, a rust devil, a friendly sun demon
and a friendly orange demon.

Vanquished Creatures
  A deep elf knight (D)
  A deep elf mage (D)
  2 fire elementals (D)
  A yak (D)
  2 water elementals (D)
  A river rat (D)
  A shadow imp (D)
  A fire vortex (D)
10 creatures vanquished.

Vanquished Creatures (collateral kills)
  An entropy weaver (D)
  An ironbrand convoker (D)
  A phantasmal warrior (D)
  An ugly thing (D)
  An ice devil (D)
5 creatures vanquished.

Vanquished Creatures (others)
  2 spatial maelstroms (D)
2 creatures vanquished.

Grand Total: 17 creatures vanquished

Notes
Turn   | Place    | Note
-------+----------+-------------------------------------------
     0 | D        | MordorOrchid the Oni Earth Elementalist began the quest for
                  | the Orb.
     0 | D        | Reached XP level 1. HP: 14/14 MP: 4/4
     0 | D        | Found a shimmering blue altar of Sif Muna.
     0 | D        | Found a bloodstained altar of Trog.
     0 | D        | Found a sacrificial altar of Ru.
     0 | D        | Found a stormy altar of Qazlal.
     0 | D        | Found an iron altar of Okawaru.
     2 | D        | Found a sparkling altar of Nemelex Xobeh.
     3 | D        | Found the +6 Majin-Bo {vamp, *Drain Str+12 Int+24}
     3 | D        | Found the +7 great mace "Firestarter" {inner flame, rF++}
     4 | D        | Found a blossoming altar of Fedhas.
     5 | D        | Banished a spatial maelstrom
     8 | D        | Banished a spatial maelstrom
    10 | D        | Found a corrupted altar of Lugonu.
    10 | D        | Found an ancient bone altar of Kikubaaqudgha.
    10 | D        | Found a burning altar of Makhleb.
    10 | D        | Found a transporter.
    10 | D        | Found a viscous altar of Jiyva.
    10 | D        | Found a hazy altar of Hepliaklqana.
    24 | D        | Found the +9 heavy crossbow "Sniper" {velocity, Acc+∞ SInv}
    24 | D        | Found the +10 dark maul {crush}
    24 | D        | Found the +15 Maxwell's patent armour {-Cast -Tele rElec
                  | MR+ rCorr}
    24 | D        | Found the +18 shield of the Gong {rElec rN+ MR+ EV-5}
    24 | D        | Found the cursed +14 obsidian axe {chop, +Fly SInv *Curse}
    34 | D        | Found the +6 shillelagh "Devastator" {shatter}
    34 | D        | Found the +11 plutonium sword {*Contam Stlth-}
    34 | D        | Found the +8 lance "Wyrmbane" {slay drac, rPois rF+ rC+
                  | AC+3}
    34 | D        | Found the +9 sword of Zonguldrok {reap}
    34 | D        | Found the cursed +13 scythe of Curses {drain, *Curse}
    34 | D        | Found the +0 sword of Power
    34 | D        | Found the +7 mace of Variability {chain chaos}
    34 | D        | Found the +7 Singing Sword {slice}
    34 | D        | Found the +7 longbow "Piercer" {penet, EV-2}
    37 | D        | Found an opulent altar of Gozag.
    53 | D        | Became a worshipper of Gozag Ym Sagoz the Greedy
    60 | D        | Reached skill level 5 in Fighting
    60 | D        | Reached XP level 2. HP: 29/29 MP: 6/6
    83 | D        | Entered arena 2.
    83 | D        | Noticed a yak
    83 | D        | Found a transporter.
    87 | D        | Killed a yak
    87 | D        | Reached skill level 5 in Shields
    87 | D        | Reached XP level 3. HP: 36/36 MP: 7/10
    87 | D        | Reached XP level 4. HP: 42/42 MP: 7/11
    87 | D        | Reached XP level 5. HP: 48/48 MP: 7/12
    95 | D        | Entered arena 3.
    95 | D        | Noticed a fire elemental
    95 | D        | Noticed a fire elemental
    95 | D        | Found a transporter.
   101 | D        | Killed a fire elemental
   101 | D        | Reached skill level 5 in Dodging
   101 | D        | Reached XP level 6. HP: 56/56 MP: 8/15
   102 | D        | Killed a fire elemental
   102 | D        | Reached skill level 5 in Spellcasting
   102 | D        | Reached skill level 5 in Evocations
   111 | D        | Entered arena 4.
   111 | D        | Noticed a water elemental
   111 | D        | Noticed a deep elf mage
   111 | D        | Noticed a water elemental
   111 | D        | Noticed a deep elf knight
   111 | D        | Found a transporter.
   116 | D        | Killed a deep elf knight
   116 | D        | Reached XP level 7. HP: 61/61 MP: 10/19
   116 | D        | Reached XP level 8. HP: 68/68 MP: 10/20
   119 | D        | Killed a water elemental
   119 | D        | Killed a water elemental
   120 | D        | Killed a deep elf mage
   120 | D        | Noticed a soul eater
   134 | D        | Got the amulet of Impatience {Regen +Inv rPois rF+ Int-5}
   136 | D        | Entered arena 5.
   136 | D        | Noticed an ironbrand convoker
   136 | D        | Noticed a phantasmal warrior
   136 | D        | Noticed an entropy weaver
   136 | D        | Noticed a purple ugly thing
   136 | D        | Found a transporter.
   140 | D        | Killed a phantasmal warrior
   140 | D        | Reached XP level 9. HP: 18/74 MP: 14/23
   142 | D        | Killed an entropy weaver
   142 | D        | Reached skill level 10 in Dodging
   142 | D        | Reached skill level 10 in Shields
   144 | D        | Noticed an ice devil
   144 | D        | Noticed a rust devil
   145 | D        | Noticed an angel
   145 | D        | Noticed a yaktaur captain
   147 | D        | Killed a purple ugly thing
   147 | D        | Killed an ice devil
   148 | D        | Killed an ironbrand convoker
   150 | D        | Slain by a rust devil

Skill      XL: |  1  2  3  4  5  6  7  8  9 |
---------------+----------------------------+-----
Fighting       | 5 |  5.0
Shields        | 4 5 6 8 9 10 | 10.8
Dodging        | 4 5 7 9 10 | 10.7
Spellcasting   | 3 4 7 8 9 |  9.6
Evocations     | 3 4 6 |  6.0
Stealth        | |  1.7
Conjurations   | |  9.6
Hexes          | |  9.6
Charms         | |  9.6
Summonings     | |  9.6
Necromancy     | |  9.6
Translocations | |  9.6
Transmutations | |  9.6
Fire Magic     | |  9.6
Ice Magic      | |  9.6
Air Magic      | |  9.6
Earth Magic    | |  9.6
Poison Magic   | |  9.6

Action                   |  1- 3 |  4- 6 |  7- 9 || total
-------------------------+-------+-------+-------++-------
Melee: Broad axe         |     2 |     8 |    13 ||    23
       Bite              |     1 |       |     1 ||     2
       Headbutt          |       |     3 |     2 ||     5
Invok: Potion Petition   |       |       |     1 ||     1
  Use: Potion            |     5 |       |     2 ||     7
 Stab: Sleeping          |     2 |     1 |     3 ||     6
       Invisible         |       |       |     1 ||     1
Dodge: Dodged            |       |       |     7 ||     7
Block: Medium shield     |       |     7 |    29 ||    36
